 Dungeon Sprint DCSS version 0.30-a0-605-gb2882149bf (webtiles) character file.

Game seed: 11399579088726737827

33 mhtbhm the Ruffian (level 3, 0/48 HPs)
             Began as a Troll Transmuter on Jan 7, 2023.
             Was an Initiate of Gozag.
             Slain by a gnoll sergeant
             ... wielding a +1 spear of distortion
              (1 damage)
             ... in the Dungeon (Sprint VII: "The Pits").
             The game lasted 00:01:00 (498 turns).

mhtbhm the Ruffian (Troll Transmuter)                Turns: 498, Time: 00:01:01

Health: 0/48       AC:  4    Str: 20    XL:     3   Next: 12%
Magic:  1/5        EV: 10    Int:  9    God:    Gozag
Gold:   252        SH:  0    Dex: 10    Spells: 3/6 levels left

rFire   . . .      SeeInvis .      - Unarmed
rCold   . . .      Faith    .    (no shield)
rNeg    . . .      Spirit   .    a - +0 robe
rPois   .          Reflect  .    (helmet restricted)
rElec   .          Harm     .    (no cloak)
rCorr   .          Rampage  .    (gloves unavailable)
Will    .....      NoTele   +    (boots unavailable) Stlth
                                 (no amulet)
HPRegen 1.08/turn                (no ring)
MPRegen 0.09/turn                (no ring)

@: berserking, wereblooded (expiring), very quick
A: large, unfitting armour, claws 3, regeneration 1, shaggy fur 1, tough skin 1
a: Renounce Religion, Potion Petition, Call Merchant, Bribe Branch


You were in the Dungeon.
You worshipped Gozag.
Gozag was aware of your devotion.
You visited 1 branch You collected 252 gold pieces.

Inventory:

Armour
 a - a +0 robe (worn)
Scrolls
 j - 5 scrolls of amnesia
 k - a scroll of butterflies
Potions
 b - a potion of lignification
 e - a potion of haste
 f - 4 potions of magic
 g - 2 potions of berserk rage
 i - 2 potions of invisibility


   Skills:
 + Level 0.7 Fighting
 + Level 2.4 Dodging
 + Level 5.4 Unarmed Combat
 + Level 2.0 Spellcasting
 + Level 2.2 Transmutations


You had 3 spell levels left.
You knew the following spells:

 Your Spells              Type           Power      Damage    Failure   Level
a - Beastly Appendage     Tmut           8%         N/A       13%         1
b - Wereblood             Tmut           4%         N/A       21%         2

Your spell library contained the following spells:

 Spells                   Type           Power      Damage    Failure   Level
 Spider Form              Tmut/Pois      2%         N/A       54%         3
 Ice Form                 Ice/Tmut       2%         N/A       91%         4


Dungeon Overview and Level Annotations

Branches:
Dungeon (1/1)

Altars:
Ashenzari
Cheibriados
Dithmenos
Elyvilon
Fedhas
Gozag
Hepliaklqana
Kikubaaqudgha
Makhleb
Nemelex Xobeh
Okawaru
Qazlal
Ru
Sif Muna
Trog
Uskayaw
Vehumet
Wu Jian
Xom
Yredelemnul
Zin
The Shining One
Jiyva
Lugonu


Innate Abilities, Weirdness & Mutations

You are too large for most types of armour.
You have claws for hands.
Your natural rate of healing is unusually fast.
You are covered in fur. (AC +1)
You have tough skin. (AC +1)


Message History

The gnoll sergeant hits you with a +1 spear of distortion.
Space warps horribly around you!
Blink to where?
Press: ? - help, Dir - move target
As you read the scroll of blinking, it crumbles to dust.
You howl as the wereblood boils in your veins!
You feel better.
Okay, then.
You start resting.
A gnoll sergeant is nearby!
Casting: Beastly Appendage (safe; 13% risk of failure)
Confirm with . or Enter, or press ? or * to list all spells.
Okay, then.
A red film seems to cover your vision as you go berserk!
You feel yourself moving faster!
You feel mighty!
Your horns disappear.
Your talons disappear.
You feel a strong urge to attack something.
The gnoll sergeant closely misses you. The gnoll sergeant blocks your attack.
The gnoll sergeant hits you with a +1 spear of distortion.
Space warps horribly around you!!
* * * LOW HITPOINT WARNING * * *
You mangle the gnoll sergeant!!
The gnoll sergeant is severely wounded.
The gnoll sergeant blocks your attack.
The gnoll sergeant is severely wounded.
A gnoll comes into view. It is wielding a +0 club.
The gnoll sergeant hits you with a +1 spear of distortion!
* * * LOW HITPOINT WARNING * * *
The gnoll shouts!
You scratch the gnoll sergeant.
The gnoll sergeant is almost dead.
You scratch the gnoll sergeant but do no damage.
The gnoll sergeant is almost dead.
Your primal bloodlust is almost over.
The gnoll sergeant hits you with a +1 spear of distortion.
* * * LOW HITPOINT WARNING * * *
Space warps around you.
You die...
Your body crumbles into a pile of gold.

############
#_________.#
#_________.#
#_______...###########++
##########'##...........
#.?(.')))'.##......#..#.
##########.##...........
#......sg@..'...........
#+#####g#####......#..#.
#.)#..#..##...........
#..g..'..#####'#####++
##$####+###.......# #...
#.......# #.g.g
#.......# #####+
#...<...# #.......#


You could see a gnoll sergeant, a scorpion and 2 gnolls.

Vanquished Creatures
  2 gnolls (D)
  An adder (D)
  An endoplasm (D)
  A goblin (D)
  2 frilled lizards (D)
7 creatures vanquished.

Notes
Turn   | Place    | Note
-------+----------+-------------------------------------------
     0 | D        | mhtbhm the Troll Transmuter began the quest for the Orb.
     0 | D        | Reached XP level 1. HP: 18/18 MP: 1/1
    18 | D        | Found a bloodstained altar of Trog.
    18 | D        | Found a shimmering blue altar of Sif Muna.
    18 | D        | Found a viscous altar of Jiyva.
    18 | D        | Found a hazy altar of Hepliaklqana.
    18 | D        | Found an opulent altar of Gozag.
    19 | D        | Found a glowing golden altar of the Shining One.
    19 | D        | Found a glowing silver altar of Zin.
    19 | D        | Found a basalt altar of Yredelemnul.
    19 | D        | Found a shimmering altar of Xom.
    19 | D        | Found an ornate altar of the Wu Jian Council.
    19 | D        | Found a sacrificial altar of Ru.
    19 | D        | Found a stormy altar of Qazlal.
    19 | D        | Found an iron altar of Okawaru.
    19 | D        | Found a sparkling altar of Nemelex Xobeh.
    19 | D        | Found a burning altar of Makhleb.
    19 | D        | Found a blossoming altar of Fedhas.
    19 | D        | Found a white marble altar of Elyvilon.
    19 | D        | Found a shadowy altar of Dithmenos.
    19 | D        | Found a snail-covered altar of Cheibriados.
    21 | D        | Found a radiant altar of Vehumet.
    21 | D        | Found a corrupted altar of Lugonu.
    22 | D        | Found a hide-covered altar of Uskayaw.
    22 | D        | Found an ancient bone altar of Kikubaaqudgha.
    22 | D        | Found a broken altar of Ashenzari.
    26 | D        | Became a worshipper of Gozag Ym Sagoz the Greedy
    65 | D        | Reached skill level 4 in Unarmed Combat
    65 | D        | Reached XP level 2. HP: 21/26 MP: 0/3
   103 | D        | Learned a level 2 spell: Wereblood
   305 | D        | Reached skill level 5 in Unarmed Combat
   482 | D        | Noticed a gnoll sergeant
   482 | D        | Noticed a scorpion
   486 | D        | Reached XP level 3. HP: 32/32 MP: 0/5
   498 | D        | HP: 1/48 [gnoll sergeant/+1 spear of distortion (6)]
   498 | D        | Slain by a gnoll sergeant

Illustrated notes

Levels and vault maps discovered:
D:        pitsprint [storerooms_1, entrance_room_1, metal_vault_1, armoury_2,
          mini_pit_1, grid_room_1, main_hall_1, silver_pit, the_coven_1,
          the_vestibule_1, steel_vault_2, golden_pit, hallway_of_sentries,
          crystal_vault_1, iron_vault_1, final_vault]

Skill      XL: |  1  2 |
---------------+-------+-----
Dodging        | 2 |  2.4
Unarmed Combat | 4 5 |  5.4
Transmutations | 2 |  2.2
Spellcasting   | 2 |  2.0
Fighting       | |  0.7

Action                   || total
-------------------------++-------
Melee: Unarmed           ||    22
       Headbutt          ||     2
       Kick              ||     1
 Cast: Beastly Appendage ||     3
       Wereblood         ||     2
  Use: Potion            ||     3
       Scroll            ||     1
Armor: Robe              ||     2
Dodge: Dodged            ||    10

Table legend: (Time is in decaauts)
 A = Elapsed time spent in this place.
 B = Non-inter-level travel time spent in this place.
 C = Inter-level travel time spent in this place.
 D = Time resting spent in this place.
 E = Time spent auto-exploring this place.
 F = Levels seen in this place.
 G = Mean time per level.
                   A        B        C        D        E       F      G
               +--------+--------+--------+--------+--------+-----+--------+
         Total |    494 |    494 |      0 |    381 |      0 |   1 |  494.0 |
       Dungeon |    494 |    494 |      0 |    381 |      0 |   1 |  494.0 |
               +--------+--------+--------+--------+--------+-----+--------+

Top non-repeatable levels by time:
       D: 494 daAuts
